 Dungeon Crawl Stone Soup version 0.27.1-34-g3ba077fa99 (webtiles) character file.

Game seed: 9685911762384021739

9 mcbry74 the Poker (level 2, -1/22 HPs)
             Began as a Merfolk Gladiator on Jan 22, 2022.
             Slain by a quokka (4 damage)
             ... on level 1 of the Dungeon.
             The game lasted 00:00:50 (107 turns).

mcbry74 the Poker (Merfolk Gladiator)                Turns: 107, Time: 00:00:50

Health: -1/22      AC:  4    Str: 14    XL:     2   Next: 12%
Magic:  2/2        EV: 13    Int:  7    God:
Gold:   0          SH:  0    Dex: 15    Spells: 1/1 levels left

rFire    . . .     SeeInvis .   a - +0 trident
rCold    . . .     Faith    .   (no shield)
rNeg     . . .     Spirit   .   b - +0 leather armour
rPois    .         Reflect  .   c - +0 helmet
rElec    .         Harm     .   (no cloak)
rCorr    .         Rampage  .   (no gloves)
Will     .....                  (no boots)
Stlth    +.........             (no amulet)
HPRegen  0.07/turn              (no ring)
MPRegen  0.08/turn              (no ring)

@: no status effects
A: (nimble swimmer 2), mertail
a: no special abilities


You were on level 1 of the Dungeon.
You visited 1 branch of the dungeon, and saw 1 of its levels.

Inventory:

Hand Weapons
 a - a +0 trident (weapon)
Missiles
 d - 3 throwing nets (quivered)
 e - 15 sling bullets
Armour
 b - a +0 leather armour (worn)
 c - a +0 helmet (worn)


   Skills:
 - Level 2.1 Fighting
 + Level 5.3 Polearms
 - Level 2.0 Throwing
 - Level 4.0 Dodging


You had one spell level left.
You didn't know any spells.
Your spell library was empty.

Dungeon Overview and Level Annotations

Branches:
Dungeon (1/15)

Altars:


Innate Abilities, Weirdness & Mutations

((You are quick and stealthy near water. (Stealth+, EV+, Speed+++)))
Your lower body shifts to a powerful aquatic tail in water.


Message History

The goblin is heavily wounded.
The bat misses you.
The quokka bites you but does no damage.
The goblin barely misses you.
You closely miss the goblin.
The goblin is heavily wounded.
The bat hits you.
The quokka bites you but does no damage.
The goblin barely misses you. The bat barely misses you.
You closely miss the goblin.
The goblin is heavily wounded.
The bat hits you but does no damage. The quokka barely misses you.
The bat barely misses you. The goblin hits you but does no damage.
The goblin misses you.
You puncture the goblin!
You kill the goblin!
The bat misses you. The quokka barely misses you. x2
The goblin hits you with a +0 dagger.
You are too injured to fight recklessly!
You are too injured to fight recklessly!
You are too injured to fight recklessly!
Unknown command.
The bat closely misses you.
You see here a dart slug corpse.
The bat barely misses you. The bat hits you but does no damage.
The bat hits you but does no damage. The quokka bites you.
You are too injured to fight recklessly!
You are too injured to fight recklessly!
You are too injured to fight recklessly!
You barely miss the quokka. The quokka bites you. x2
* * * LOW HITPOINT WARNING * * *
You closely miss the quokka. The quokka closely misses you.
You closely miss the quokka. The quokka bites you.
* * * LOW HITPOINT WARNING * * *
You barely miss the quokka. The quokka barely misses you. x2
You closely miss the quokka. The quokka barely misses you.
You closely miss the quokka. The quokka bites you.
You die...

#..###.## #......#.# .##
##...#..#
#........#####..#
###..#.#
#.......#......^. ##.#.#
#................ #...#
#................ ##..#
#.........$...... #..##
#.........)......
#...###.......†).......
##......##@##b..........
##........#r#..g........#
#..........J..##........#
#...........###...!......
#...........# ..........
#..........## #..........
#..........# ..........
##........## .......
##.........


You could see an endoplasm and a quokka.

Vanquished Creatures
  A dart slug (D:1)
  2 bats (D:1)
  2 goblins (D:1)
  A rat (D:1)
6 creatures vanquished.

Notes
Turn   | Place    | Note
-------+----------+-------------------------------------------
     0 | D:1      | mcbry74 the Merfolk Gladiator began the quest for the Orb.
     0 | D:1      | Reached XP level 1. HP: 16/16 MP: 1/1
    86 | D:1      | Reached skill level 5 in Polearms
    89 | D:1      | Reached XP level 2. HP: 17/22 MP: 2/2
   107 | D:1      | Slain by a quokka

Illustrated notes

Levels and vault maps discovered:
D:1:      dpeg_arrival_tiny_i, layout_rooms, hellmonk_ecumenical_altar_zigzags

Skill      XL: |  1 |
---------------+----+-----
Polearms       | 5 |  5.3
Fighting       | |  2.1
Throwing       | |  2.0
Dodging        | |  4.0

Action                   || total
-------------------------++-------
Melee: Trident           ||    25
Armor: Leather armour    ||    10
Dodge: Dodged            ||    33
